Map: Protocole central

Players

Worming - Winner!

  • Race: Zerg Zerg
  • League: Diamond

defeatme

  • Race: Zerg Zerg
  • League: Diamond

VOD

Have the link to the VOD?

Description

Time

  • Played on: Dec. 15, 2015, 11:16 a.m.
  • Length: 5:55
Show
View Real Time Build Order
Export as new Build Order

Worming Zerg - Winner!

Build Orders: Pool First, Zergling Baneling 

Get SALT Encoding   

  12  0:02  Drone  
  13  0:13  Overlord  
  13  0:17  Drone  
  14  0:31  Drone x2  
  16  0:42  Drone  
  17  0:47  Spawning Pool  
  16  0:50  Drone  
  16  0:56  Drone  
  18  1:15  Hatchery  
  18  1:18  Drone  
  18  1:20  Extractor  
  17  1:27  Drone  
  18  1:34  Queen  
  18  1:37  Overlord  
  20  1:41  Zergling x2  
  21  1:51  Drone  
  22  2:01  Zergling x2  
  23  2:09  Queen  
  23  2:14  Zergling x2  
  26  2:26  Drone, Metabolic Boost  
  26  2:29  Queen  
  29  2:39  Drone x3  
  32  2:50  Baneling Nest  
  31  2:54  Spine Crawler  
  31  2:56  Overlord  
  31  2:58  Drone  
  31  3:00  Zergling x2  
  31  3:05  Drone  
  33  3:08  Overlord  
  33  3:16  Zergling x4  
  33  3:17  Zergling x2  
  36  3:26  Zergling x6  
  39  3:36  Baneling x2  
  39  3:42  Baneling  
  39  3:43  Zergling x4  
  39  3:44  Zergling x2  
  38  3:58  Baneling x2, Zergling x2  
  38  3:59  Zergling x12  
  41  4:09  Overlord  
  41  4:10  Zergling x6  
  44  4:20  Baneling x2  
  44  4:21  Baneling x2  
  38  4:35  Baneling x2, Spine Crawler  
  38  4:36  Baneling  
  33  4:51  Drone x5  
  33  4:52  Drone, Zergling x6  
  40  4:53  Zergling x4  
  42  5:01  Drone x2, Extractor  
  42  5:02  Drone  
  44  5:18  Baneling  
  44  5:32  Zergling x14  
  44  5:33  Zergling x4  
  53  5:36  Baneling x2  
  53  5:40  Baneling  
Show
View Real Time Build Order
Export as new Build Order

defeatme Zerg 

Build Orders: Hatch First, Zergling Baneling 

Get SALT Encoding   

  12  0:01  Drone  
  13  0:12  Overlord  
  13  0:17  Drone  
  14  0:31  Drone x2  
  14  0:34  Drone  
  17  0:56  Hatchery  
  16  1:02  Drone x2  
  18  1:05  Extractor  
  18  1:06  Drone  
  18  1:20  Spawning Pool  
  18  1:23  Drone  
  18  1:30  Drone  
  19  1:39  Overlord  
  19  1:49  Drone  
  20  2:10  Metabolic Boost  
  20  2:11  Queen  
  20  2:12  Queen  
  24  2:17  Zergling x4  
  24  2:18  Zergling x2  
  24  2:21  Drone  
  28  2:25  Zergling x2  
  29  2:31  Baneling Nest  
  29  2:34  Zergling x2  
  29  2:35  Zergling x2  
  30  2:45  Drone x2  
  30  2:51  Drone  
  33  2:58  Overlord  
  33  3:02  Zergling x2  
  33  3:05  Zergling x2  
  35  3:13  Zergling x2  
  35  3:19  Zergling x8  
  40  3:22  Overlord  
  40  3:23  Zergling x4  
  42  3:35  Baneling x4  
  42  3:39  Zergling x2  
  42  3:40  Zergling x2  
  43  3:41  Zergling x4  
  38  4:00  Zergling x4  
  38  4:01  Zergling x6  
  37  4:05  Baneling x4  
  37  4:06  Zergling x6  
  40  4:12  Zergling x2  
  41  4:20  Zergling x2  
  41  4:30  Baneling x3  
  37  4:32  Zergling x4  
  31  4:48  Zergling x14  
  31  4:49  Zergling x2  
  37  5:10  Zergling x2  
  37  5:11  Zergling x14  
  37  5:14  Zergling x2  
  46  5:19  Baneling x3  
  46  5:22  Baneling  
  46  5:31  Zergling x8  
  46  5:34  Baneling  
Tags
 
Add a new tag
Caveats
  • Supply blocks, unpowered buildings, or Contaminate may cause inaccurate times.
  • Supply counts are checked every 10 seconds.